 Dungeon Sprint DCSS version 0.17.1-1-g73c8601 (webtiles) character file.

9101 Ponchio the Necromancer (level 11, -8/54 HPs)
             Began as a Deep Elf Fire Elementalist on Dec 25, 2015.
             Was the Champion of Vehumet.
             Killed from afar by a crystal guardian (53 damage)
             ... with a crystal bolt
             ... in the Dungeon (Sprint V: "Ziggurat Sprint").
             The game lasted 00:25:39 (1152 turns).

Ponchio the Necromancer (DEFE)                      Turns: 1152, Time: 00:25:39

Health: -8/54      AC:  2    Str:  5    XL:     11   Next: 18%
Magic:  27/37      EV: 14    Int: 30    God:    Vehumet [******]
Gold:   0          SH:  0    Dex: 27    Spells: 4 memorised, 20 levels left

rFire  . . .     SeeInvis .     I - +6 Majin-Bo {vamp, Archmagi MP+6 Int+6}
rCold  . . .     Clarity  .     a - +0 robe
rNeg   + . .     SustAt   .     (shield currently unavailable)
rPois  .         Gourm    .     (no helmet)
rElec  .         Spirit   .     (no cloak)
rCorr  .         Warding  +     (no gloves)
rMut   .         NoTele   +     (no boots)
MR     +....                    K - amulet of warding
Stlth  +++.......               z - +6 ring of dexterity
                                y - +6 ring of dexterity

@: very slightly contaminated, hasted, very quick, somewhat resistant to hostile
enchantments, fairly stealthy
A: no striking features
a: Renounce Religion


You were in the Dungeon.
You worshipped Vehumet.
Vehumet was exalted by your worship.
You were not hungry.

You visited 1 branch

Inventory:

Hand Weapons
 I - the +6 Majin-Bo (weapon) {vamp, Archmagi MP+6 Int+6}
   (You found it in the Dungeon)

   It inflicts no extra harm, but heals its wielder somewhat when it strikes a
   living foe.
   It affects your intelligence (+6).
   It affects your magic capacity (+6).
Armour
 a - a +0 robe (worn)
 J - the +15 Maxwell's patent armour {-Cast -Tele rElec MR+ rCorr}
   (You found it in the Dungeon)

   It insulates you from electricity.
   It affects your resistance to hostile enchantments.
   It prevents spellcasting.
   It prevents most forms of teleportation.
   It protects you from acid and corrosion.
 R - the +1 leather armour of the Dungeon {rF+}
   (You found it in the Dungeon)

   It protects you from fire.
Rods
 O - a +6 iron rod (10/10)
   (You found it in the Dungeon)
Jewellery
 y - a +6 ring of dexterity (left hand)
 z - a +6 ring of dexterity (right hand)
 A - a +6 ring of intelligence
 B - a +6 ring of intelligence
 C - a +6 ring of strength
 D - a +6 ring of strength
 K - an amulet of warding (around neck)
 Y - an uncursed ring of see invisible
Wands
 E - a wand of disintegration (0)
 F - a wand of fire (0)
 G - a wand of cold (5)
 H - a wand of draining (5)
Scrolls
 i - 3 scrolls of blinking
 p - 4 scrolls of amnesia
 q - 3 scrolls of recharging
 r - 7 scrolls of fog
 s - a scroll of holy word
 t - 5 scrolls of identify
 u - 5 scrolls of remove curse
 v - 2 scrolls of fear
 N - a scroll of brand weapon
 P - 4 scrolls of enchant armour
Potions
 d - 10 potions of curing
 e - 6 potions of heal wounds
 f - 3 potions of haste
 g - 7 potions of magic
 h - 3 potions of berserk rage
 j - 2 potions of brilliance
 k - 2 potions of invisibility
 l - 4 potions of resistance
 n - 5 potions of agility
 o - 5 potions of might
Books
 b - a book of Flames

   Spells                             Type                      Level
   a - Flame Tongue                   Conjuration/Fire             1
   b - Throw Flame                    Conjuration/Fire             2
   c - Conjure Flame                  Conjuration/Fire             3
   d - Inner Flame                    Hexes/Fire                   3
   e - Sticky Flame                   Conjuration/Fire             4
   f - Fireball                       Conjuration/Fire             5
 m - a book of Cantrips

   Spells                             Type                      Level
   a - Corona                         Hexes                        1
   b - Animate Skeleton               Necromancy                   1
   c - Summon Small Mammal            Summoning                    1
   d - Apportation                    Translocation                1
 L - a Necronomicon

   Spells                             Type                      Level
   a - Haunt                          Necromancy/Summoning         7
   b - Borgnjor's Revivification      Necromancy                   8
   c - Death's Door                   Charms/Necromancy            8
   d - Necromutation                  Transmutation/Necromancy     8
 M - a book of Envenomations

   Spells                             Type                      Level
   a - Spider Form                    Transmutation/Poison         3
   b - Alistair's Intoxication        Transmutation/Poison         4
   c - Olgreb's Toxic Radiance        Poison                       4
   d - Poisonous Cloud                Conjuration/Poison/Air       6
 Q - a book of Debilitation

   Spells                             Type                      Level
   a - Corona                         Hexes                        1
   b - Slow                           Hexes                        2
   c - Gell's Gravitas                Hexes/Translocation          3
   d - Inner Flame                    Hexes/Fire                   3
   e - Cause Fear                     Hexes                        4
   f - Leda's Liquefaction            Hexes/Earth                  4
 U - a book of Maledictions

   Spells                             Type                      Level
   a - Corona                         Hexes                        1
   b - Ensorcelled Hibernation        Hexes/Ice                    2
   c - Confuse                        Hexes                        3
   d - Tukima's Dance                 Hexes                        3
   e - Dazzling Spray                 Conjuration/Hexes            3
 V - a book of Necromancy

   Spells                             Type                      Level
   a - Pain                           Necromancy                   1
   b - Animate Skeleton               Necromancy                   1
   c - Vampiric Draining              Necromancy                   3
   d - Regeneration                   Charms/Necromancy            3
   e - Animate Dead                   Necromancy                   4
   f - Control Undead                 Necromancy                   4
 W - a book of Alchemy

   Spells                             Type                      Level
   a - Sublimation of Blood           Necromancy                   2
   b - Ignite Poison                  Fire/Transmutation/Poison    3
   c - Alistair's Intoxication        Transmutation/Poison         4
   d - Condensation Shield            Ice                          4
   e - Petrify                        Transmutation/Earth          4
   f - Irradiate                      Conjuration/Transmutation    5
 X - a book of Unlife

   Spells                             Type                      Level
   a - Recall                         Summoning/Translocation      3
   b - Animate Dead                   Necromancy                   4
   c - Control Undead                 Necromancy                   4
   d - Cigotuvi's Embrace             Necromancy                   5
   e - Death Channel                  Necromancy                   6
   f - Simulacrum                     Ice/Necromancy               6
Miscellaneous
 S - a stone of tremors
 T - a lamp of fire
Comestibles
 c - 5 bread rations
 w - 39 fruits
 x - 3 meat rations


   Skills:
 - Level 2.4 Dodging
 - Level 2.4 Stealth
 - Level 14.0 Spellcasting
 - Level 10.7 Conjurations
 + Level 17.1 Charms
 + Level 17.7 Necromancy
 - Level 10.8 Fire Magic
 - Level 8.0 Evocations


You had 20 spell levels left.
You knew the following spells:

 Your Spells              Type           Power        Failure   Level  Hunger
a - Flame Tongue          Conj/Fire      #####        1%          1    None
b - Fireball              Conj/Fire      #######...   1%          5    None
c - Death's Door          Chrm/Necr      ########..   14%         8    #######
d - Control Undead        Necr           ########..   0%          4    None


Dungeon Overview and Level Annotations

Branches:
Dungeon (1/1)

Altars:
Ashenzari
Cheibriados
Dithmenos
Elyvilon
Fedhas
Gozag
Kikubaaqudgha
Makhleb
Nemelex Xobeh
Okawaru
Qazlal
Ru
Sif Muna
Trog
Vehumet
Xom
Yredelemnul
Zin
The Shining One
Beogh
Jiyva
Lugonu


Message History

Casting: Fireball
Confirm with . or Enter, or press ? or * to list all spells.
Aiming: Fireball
Press: ? - help, Shift-Dir - straight line, f - quicksilver dragon
Aim: a quicksilver dragon (lightly wounded)
You feel a surge of power!
The fireball explodes!
The fireball engulfs the quicksilver dragon.
The quicksilver dragon is heavily wounded.
The fireball engulfs the earth elemental.
The earth elemental completely resists.
The fireball engulfs the crystal guardian.
The crystal guardian completely resists.
The fireball engulfs the stone giant.
The stone giant is moderately wounded.
The stone giant shouts!
The fireball engulfs the iron golem.
The iron golem completely resists.
The crystal guardian fires a crystalline bolt at you.
The crystal bolt burns you!
Ouch! That really hurt!
You die...

▓..|}†}=..▓
▓..EC888..▓....†....▓
▓...D8....▓....†....▓
▓.....8...▓.........▓
▓.........▓.........▓
▓.........▓.........▓
▓.........▓.▓.....▓.▓
▓.▓.....▓.▓.........▓
▓....@....▓▓▓▓▓▓▓▓▓▓▓
▓▓▓▓▓▓▓▓▓▓▓


You could see 4 iron golems, a quicksilver dragon, a stone giant, a crystal
guardian and an earth elemental.

Vanquished Creatures
  4 deep elf knights (D)
  A deep elf summoner (D)
  A hill giant (D)
  4 deep elf conjurers (D)
  A cyclops (D)
  A deep elf priest (D)
  4 merfolk (D)
  A troll (D)
  2 two-headed ogres (D)
  2 slime creatures (D)
  A yak (D)
  A deep elf fighter (D)
  2 deep elf magi (D)
  A wolf (D)
  3 porcupines (D)
  An ice beast (D)
  An ogre (D)
  4 orc warriors (D)
  2 jellies (D)
  2 orc wizards (D)
  An iguana (D)
  A sheep (D)
  2 adders (D)
  2 river rats (D)
  An orc (D)
  A ball python (D)
  A ball python simulacrum (D)
48 creatures vanquished.

Notes
Turn   | Place    | Note
--------------------------------------------------------------
     0 | D        | Ponchio the Deep Elf Fire Elementalist began the quest for the Orb.
     0 | D        | Reached XP level 1. HP: 10/10 MP: 6/6
     0 | D        | Found a roughly hewn altar of Beogh.
     0 | D        | Found a viscous altar of Jiyva.
     0 | D        | Found a corrupted altar of Lugonu.
     0 | D        | Found a white marble altar of Elyvilon.
     0 | D        | Found a sparkling altar of Nemelex Xobeh.
     1 | D        | Found a burning altar of Makhleb.
     1 | D        | Found an iron altar of Okawaru.
     1 | D        | Found a deep blue altar of Sif Muna.
     1 | D        | Found a radiant altar of Vehumet.
     1 | D        | Found a bloodstained altar of Trog.
     1 | D        | Found a shimmering altar of Xom.
    53 | D        | Became a worshipper of Vehumet
    79 | D        | Reached skill level 8 in Evocations
    79 | D        | Reached XP level 2. HP: 15/15 MP: 9/9
    93 | D        | Entered arena 1.
    93 | D        | Noticed an ice beast
    95 | D        | Killed an ice beast
    95 | D        | Reached skill level 5 in Fire Magic
    95 | D        | Reached XP level 3. HP: 19/19 MP: 10/10
    95 | D        | Reached XP level 4. HP: 24/24 MP: 12/12
   106 | D        | Entered arena 2.
   107 | D        | Reached * piety under Vehumet
   107 | D        | Offered knowledge of Sting by Vehumet.
   120 | D        | Entered arena 3.
   120 | D        | Noticed a jelly
   120 | D        | Noticed a slime creature
   120 | D        | Noticed a jelly
   120 | D        | Noticed a slime creature
   121 | D        | Killed a jelly
   121 | D        | Reached ** piety under Vehumet
   121 | D        | Reached XP level 5. HP: 28/28 MP: 13/13
   123 | D        | Killed a slime creature
   123 | D        | Reached skill level 10 in Fire Magic
   123 | D        | Reached XP level 6. HP: 32/32 MP: 14/14
   124 | D        | Killed a jelly
   130 | D        | Killed a slime creature
   130 | D        | Reached skill level 10 in Conjurations
   130 | D        | Reached XP level 7. HP: 23/36 MP: 15/15
   244 | D        | Learned a level 5 spell: Fireball
   245 | D        | Entered arena 4.
   245 | D        | Noticed a merfolk
   245 | D        | Noticed a merfolk
   245 | D        | Noticed a merfolk
   245 | D        | Noticed a merfolk
   248 | D        | Killed a merfolk
   248 | D        | Reached *** piety under Vehumet
   248 | D        | Killed a merfolk
   248 | D        | Reached skill level 11 in Spellcasting
   249 | D        | Killed a merfolk
   249 | D        | Reached skill level 12 in Spellcasting
   249 | D        | Reached XP level 8. HP: 23/41 MP: 9/26
   249 | D        | Killed a merfolk
   249 | D        | Reached skill level 14 in Spellcasting
   259 | D        | Learned a level 8 spell: Death's Door
   424 | D        | Entered arena 5.
   424 | D        | Noticed a deep elf knight
   424 | D        | Noticed a deep elf mage
   424 | D        | Noticed a deep elf conjurer
   424 | D        | Noticed a deep elf mage
   424 | D        | Noticed a deep elf knight
   426 | D        | Killed a deep elf mage
   426 | D        | Reached **** piety under Vehumet
   426 | D        | Offered knowledge of Searing Ray by Vehumet.
   426 | D        | Killed a deep elf mage
   426 | D        | Reached skill level 5 in Charms
   426 | D        | Killed a deep elf knight
   426 | D        | Reached XP level 9. HP: 39/45 MP: 29/29
   427 | D        | Killed a deep elf knight
   427 | D        | Killed a deep elf conjurer
   427 | D        | Reached ***** piety under Vehumet
   427 | D        | Reached skill level 10 in Necromancy
   538 | D        | Entered arena 6.
   538 | D        | Noticed a vault guard
   538 | D        | Noticed a vault sentinel
   538 | D        | Noticed an orc knight
   538 | D        | Noticed a yaktaur
   538 | D        | Noticed a yaktaur
   538 | D        | Noticed a crystal guardian
   543 | D        | Entered arena 7.
   543 | D        | Noticed a cyclops
   543 | D        | Noticed a two-headed ogre
   543 | D        | Noticed a hill giant
   543 | D        | Noticed an ogre
   543 | D        | Noticed a troll
   543 | D        | Noticed a two-headed ogre
   546 | D        | Killed a troll
   546 | D        | Killed a two-headed ogre
   546 | D        | Killed a two-headed ogre
   546 | D        | Killed a hill giant
   546 | D        | Reached XP level 10. HP: 37/50 MP: 30/30
   547 | D        | Killed an ogre
   548 | D        | Killed a cyclops
   735 | D        | Entered arena 8.
   735 | D        | Noticed an orc wizard
   735 | D        | Noticed an orc warrior
   735 | D        | Noticed an orc wizard
   735 | D        | Noticed an orc warrior
   735 | D        | Noticed an orc warrior
   735 | D        | Noticed an orc warrior
   736 | D        | Killed an orc warrior
   736 | D        | Offered knowledge of Static Discharge by Vehumet.
   737 | D        | Killed an orc warrior
   737 | D        | Killed an orc warrior
   737 | D        | Reached ****** piety under Vehumet
   737 | D        | Killed an orc warrior
   738 | D        | Killed an orc wizard
   739 | D        | Killed an orc wizard
   869 | D        | Got the +1 leather armour of the Dungeon {rF+}
   871 | D        | Entered arena 9.
   871 | D        | Noticed a deep elf summoner
   871 | D        | Noticed a deep elf knight
   871 | D        | Noticed a deep elf priest
   871 | D        | Noticed a deep elf conjurer
   871 | D        | Noticed a deep elf conjurer
   871 | D        | Noticed a deep elf conjurer
   871 | D        | Noticed a deep elf fighter
   871 | D        | Noticed a deep elf knight
   873 | D        | Killed a deep elf fighter
   874 | D        | Killed a deep elf conjurer
   874 | D        | Reached skill level 15 in Charms
   874 | D        | Killed a deep elf conjurer
   874 | D        | Reached skill level 15 in Necromancy
   875 | D        | Killed a deep elf knight
   876 | D        | Killed a deep elf summoner
   876 | D        | Reached skill level 16 in Charms
   876 | D        | Killed a deep elf knight
   876 | D        | Reached XP level 11. HP: 37/54 MP: 29/31
   877 | D        | Killed a deep elf conjurer
   877 | D        | Reached skill level 17 in Necromancy
   877 | D        | Killed a deep elf priest
  1036 | D        | Entered arena 10.
  1036 | D        | Noticed an iguana
  1036 | D        | Noticed a wolf
  1036 | D        | Noticed a porcupine
  1036 | D        | Noticed a porcupine
  1036 | D        | Noticed a porcupine
  1036 | D        | Noticed a yak
  1037 | D        | Killed a porcupine
  1037 | D        | Offered knowledge of Iskenderun's Mystic Blast by Vehumet.
  1037 | D        | Killed a wolf
  1037 | D        | Killed a porcupine
  1038 | D        | Killed a porcupine
  1039 | D        | Killed a yak
  1040 | D        | Killed an iguana
  1067 | D        | Learned a level 4 spell: Control Undead
  1149 | D        | Entered arena 11.
  1149 | D        | Noticed an earth elemental
  1149 | D        | Noticed a crystal guardian
  1149 | D        | Noticed a quicksilver dragon
  1149 | D        | Noticed an iron golem
  1149 | D        | Noticed an iron golem
  1152 | D        | Noticed a stone giant
  1152 | D        | Noticed an iron golem
  1152 | D        | Noticed an iron golem
  1152 | D        | Killed from afar by a crystal guardian

Action                   |  1- 3 |  4- 6 |  7- 9 | 10-12 || total
-------------------------+-------+-------+-------+-------++-------
Melee: Quarterstaff      |       |     3 |       |       ||     3
 Cast: Fireball          |       |       |     8 |    18 ||    26
Evoke: Wand              |     1 |    10 |     1 |       ||    12
  Use: Potion            |     1 |     1 |     4 |     2 ||     8
       Scroll            |       |       |     1 |       ||     1
  Eat: Fruit             |     2 |       |     1 |       ||     3
       Meat ration       |       |       |     1 |       ||     1
